Map: Abyssal Reef LE

Players

IlIlIlIlIlIl - Winner!

  • Race: Protoss Protoss
  • League: Grandmaster
  • Spawn Location: 11:00

Railgan

  • Race: Zerg Zerg
  • League: Grandmaster
  • Spawn Location: 5:00

VOD

Have the link to the VOD?

Description

Time

  • Played on: March 17, 2017, 4:58 p.m.
  • Length: 10:32
Show
View Real Time Build Order
Export as new Build Order

IlIlIlIlIlIl Protoss - Winner!

Build Orders: 1 Gate Expand 

Get SALT Encoding   

  12  0:00  Probe (Chrono Boost)  
  13  0:11  Probe (Chrono Boost)  
  14  0:19  Pylon  
  14  0:22  Probe (Chrono Boost)  
  15  0:37  Probe (Chrono Boost)  
  15  0:40  Gateway  
  16  0:48  Probe (Chrono Boost)  
  16  0:49  Assimilator  
  17  0:58  Probe (Chrono Boost)  
  18  1:09  Probe (Chrono Boost)  
  19  1:22  Nexus  
  19  1:23  Probe (Chrono Boost)  
  20  1:33  Cybernetics Core  
  20  1:37  Probe (Chrono Boost)  
  21  1:42  Assimilator  
  21  1:47  Probe (Chrono Boost)  
  21  1:53  Pylon  
  22  1:58  Probe (Chrono Boost)  
  23  2:02  Warp Gate  
  23  2:07  Adept  
  23  2:12  Probe (Chrono Boost)  
  26  2:23  Twilight Council  
  26  2:25  Probe (Chrono Boost)  
  27  2:32  Adept  
  27  2:35  Probe (Chrono Boost)  
  31  2:37  Probe (Chrono Boost)  
  31  2:45  Probe (Chrono Boost)  
  31  2:46  Resonating Glaives  
  31  2:49  Probe (Chrono Boost)  
  33  2:57  Probe (Chrono Boost)  
  34  2:59  Adept  
  34  3:01  Probe (Chrono Boost)  
  37  3:08  Gateway  
  37  3:09  Probe (Chrono Boost)  
  38  3:13  Gateway  
  38  3:17  Probe (Chrono Boost)  
  40  3:21  Probe (Chrono Boost)  
  40  3:26  Adept  
  42  3:30  Probe (Chrono Boost)  
  42  3:33  Pylon, Probe (Chrono Boost)  
  45  3:42  Robotics Facility, Probe (Chrono Boost)  
  45  3:45  Probe (Chrono Boost)  
  46  3:53  Probe (Chrono Boost)  
  47  3:56  Pylon  
  47  3:57  Probe (Chrono Boost)  
  48  4:05  Pylon  
  48  4:09  Probe (Chrono Boost)  
  49  4:14  Probe (Chrono Boost)  
  49  4:15  Adept x2  
  54  4:19  Stalker  
  57  4:26  Probe (Chrono Boost)  
  57  4:27  Assimilator  
  57  4:28  Mothership Core (Chrono Boost), Pylon  
  59  4:34  Warp Prism  
  59  4:38  Adept x2  
  65  4:54  Nexus  
  65  4:55  Adept  
  65  4:57  Probe (Chrono Boost)  
  62  5:13  Adept x2  
  66  5:15  Probe (Chrono Boost)  
  65  5:24  Adept  
  65  5:35  Gateway x2  
  65  5:36  Gateway  
  65  5:37  Gateway  
  65  5:41  Gateway  
  65  5:45  Adept x3  
  65  5:46  Immortal  
  75  5:57  Pylon  
  75  6:15  Adept x3  
  61  6:33  Stargate  
  61  6:34  Stargate  
  61  6:39  Probe (Chrono Boost)  
  57  6:40  Adept x6  
  57  6:41  Adept, Probe (Chrono Boost)  
  57  6:43  Probe (Chrono Boost)  
  72  6:50  Probe (Chrono Boost)  
  72  6:53  Probe (Chrono Boost)  
  74  7:00  Adept x2  
  74  7:01  Adept x6  
  78  7:14  Probe x2 (Chrono Boost)  
  79  7:15  Probe (Chrono Boost)  
  79  7:18  Pylon  
  79  7:24  Probe (Chrono Boost)  
  79  7:25  Probe (Chrono Boost)  
  79  7:28  Probe (Chrono Boost)  
  72  7:32  Adept x4  
  72  7:33  Adept x4  
  78  7:46  Probe (Chrono Boost), Phoenix  
  78  7:48  Adept x2  
  78  7:49  Phoenix  
  84  7:52  Probe (Chrono Boost)  
  84  7:55  Adept x6  
  84  7:56  Probe (Chrono Boost)  
  90  7:58  Probe (Chrono Boost)  
  90  8:04  Probe (Chrono Boost)  
  91  8:08  Phoenix  
  93  8:14  Phoenix  
  91  8:23  Adept x5  
  89  8:27  Assimilator  
  89  8:28  Assimilator  
  89  8:29  Phoenix  
  91  8:40  Phoenix  
  79  8:51  Phoenix  
  66  8:57  Nexus  
  66  8:59  Pylon  
  66  9:00  Pylon, Probe (Chrono Boost)  
  66  9:02  Pylon  
  68  9:04  Probe (Chrono Boost)  
  68  9:05  Phoenix, Assimilator  
  71  9:12  Probe (Chrono Boost)  
  71  9:13  Phoenix  
  71  9:16  Probe (Chrono Boost)  
  74  9:24  Forge, Probe (Chrono Boost)  
  75  9:30  Phoenix  
  77  9:34  Phoenix  
  79  9:42  Adept x2  
  79  9:43  Adept x2  
  87  9:49  Probe (Chrono Boost)  
  87  9:51  Probe (Chrono Boost)  
  89  9:57  Phoenix  
  89  9:58  Phoenix  
  91  10:02  Probe (Chrono Boost)  
  91  10:03  Probe (Chrono Boost)  
  89  10:29  Adept x8  
Show
View Real Time Build Order
Export as new Build Order

Railgan Zerg 

Build Orders: Hatch First, Swarm Host 

Get SALT Encoding   

  12  0:01  Drone  
  13  0:12  Overlord  
  13  0:17  Drone  
  14  0:31  Drone x2  
  16  0:36  Drone  
  17  0:54  Hatchery  
  17  0:56  Drone  
  17  0:59  Drone  
  18  1:10  Extractor  
  17  1:20  Drone, Spawning Pool  
  17  1:24  Drone  
  18  1:28  Drone  
  19  1:50  Overlord  
  19  1:52  Drone  
  20  2:00  Drone  
  21  2:07  Queen  
  21  2:08  Queen  
  25  2:09  Zergling x2  
  25  2:11  Drone  
  27  2:21  Drone  
  28  2:23  Drone, Metabolic Boost  
  28  2:28  Drone  
  30  2:33  Evolution Chamber  
  29  2:43  Drone x2, Queen  
  33  2:48  Overlord  
  33  2:59  Zerg Melee Weapons Level 1  
  33  3:03  Zergling x4  
  33  3:04  Zergling x2  
  36  3:08  Drone  
  37  3:13  Zergling x2  
  37  3:18  Overlord  
  37  3:19  Drone x3  
  41  3:29  Drone  
  41  3:30  Drone x2  
  44  3:35  Overlord  
  44  3:38  Drone x2  
  44  3:40  Lair  
  46  3:51  Drone x2  
  46  3:52  Extractor  
  46  3:53  Drone x2  
  46  3:54  Extractor  
  48  4:09  Drone x6  
  53  4:15  Baneling Nest  
  52  4:21  Drone  
  53  4:26  Overlord, Zergling x4  
  55  4:32  Extractor  
  55  4:37  Zergling x10  
  58  4:39  Zergling x2  
  58  4:43  Infestation Pit  
  58  4:49  Zergling x2  
  59  4:53  Zergling x8  
  62  5:01  Zergling x2  
  59  5:09  Zergling x6  
  59  5:13  Zergling x2  
  62  5:20  Drone  
  62  5:21  Zerg Melee Weapons Level 2  
  62  5:25  Drone x2  
  62  5:27  Drone  
  64  5:30  Overlord  
  64  5:31  Overlord x2  
  64  5:32  Overlord  
  64  5:36  Queen  
  64  5:37  Queen  
  64  5:39  Hatchery  
  65  5:43  Baneling x2  
  65  5:44  Baneling x4  
  65  5:47  Baneling x2  
  65  5:53  Swarm Host  
  65  5:54  Swarm Host x3  
  65  5:56  Swarm Host  
  80  6:06  Swarm Host  
  83  6:16  Zergling x2  
  83  6:17  Zergling x10  
  82  6:21  Zergling x2  
  79  6:30  Zergling x2  
  79  6:31  Zergling x2  
  75  6:40  Drone x2  
  77  6:53  Zergling x10  
  80  6:57  Zergling x2  
  80  6:58  Zergling x2  
  80  6:59  Zergling x2  
  76  7:01  Zergling x4  
  76  7:05  Swarm Host  
  76  7:07  Queen x2  
  78  7:11  Baneling x3  
  78  7:12  Swarm Host x2  
  79  7:16  Swarm Host  
  79  7:20  Swarm Host  
  82  7:27  Zergling x14  
  86  7:31  Drone  
  86  7:33  Drone  
  86  7:35  Zergling x2  
  78  7:49  Drone  
  78  7:51  Drone x3  
  76  7:55  Drone x3  
  79  8:00  Swarm Host  
  82  8:06  Drone  
  82  8:14  Drone x2  
  82  8:15  Drone x2  
  82  8:19  Drone  
  79  8:29  Swarm Host  
  73  8:41  Drone x4  
  73  8:44  Drone  
  73  8:53  Drone  
  70  8:57  Drone  
  71  9:07  Drone  
  71  9:08  Drone  
  73  9:10  Drone  
  74  9:17  Drone  
  74  9:18  Drone  
  76  9:26  Infestor  
  78  9:36  Infestor  
  80  9:40  Drone x3  
  83  9:50  Infestor  
  80  10:03  Overlord  
Tags
 
Add a new tag
Caveats
  • Supply blocks, unpowered buildings, or Contaminate may cause inaccurate times.
  • Supply counts are checked every 10 seconds.